 Dungeon Crawl Stone Soup version 0.18.1-48-g4cf74bf (webtiles) character file.

221 Joat the Conjurer (level 5, -5/31 HPs)
             Began as an Octopode Wizard on Aug 27, 2016.
             Was an Initiate of Sif Muna.
             Slain by a gnoll
             ... wielding a +0 flail
              (8 damage)
             ... on level 3 of the Dungeon.
             The game lasted 00:14:27 (4044 turns).

Joat the Conjurer (Octopode Wizard)                 Turns: 4044, Time: 00:14:28

Health: -5/31      AC:  1    Str:  6    XL:     5   Next: 98%
Magic:  5/11       EV: 12    Int: 21    God:    Sif Muna [......]
Gold:   107        SH:  0    Dex: 11    Spells: 4 memorised, 4 levels left

rFire  . . .     SeeInvis .     v - +0 trident
rCold  . . .     Gourm    .     (no shield)
rNeg   . . .     Faith    .     a - +0 hat
rPois  .         Spirit   .     (no amulet)
rElec  .         Dismiss  .     (no ring)
rCorr  .         Reflect  .     (no ring)
SustAt .         Harm     .     (no ring)
MR     .....                    (no ring)
Stlth  +++.......               (no ring)
                                (no ring)
                                (no ring)
                                (no ring)

@: very slightly contaminated, not resistant to hostile enchantments, fairly
stealthy
A: almost no armour, amphibious, 8 rings, constrict 8, camouflage 1, gelatinous
body 1
a: Renounce Religion


You were on level 3 of the Dungeon.
You worshipped Sif Muna.
Sif Muna was noncommittal.
You were not hungry.

You visited 2 branches of the dungeon, and saw 5 of its levels.

You collected 107 gold pieces.

Inventory:

Hand Weapons
 g - a +0 dagger
 u - a +0 flail
 v - a +0 trident (weapon)
Armour
 a - a +0 hat (worn)
 n - a +0 large shield
Jewellery
 i - an uncursed ring of wizardry {unknown}
Scrolls
 e - a scroll of recharging {unknown}
 f - 2 scrolls of magic mapping {unknown}
 h - 2 scrolls of enchant armour {unknown}
 j - 3 scrolls of identify {unknown}
 k - 3 scrolls of teleportation {unknown}
 p - a scroll of remove curse {unknown}
 y - a scroll of fog {unknown}
Potions
 d - 2 potions of haste {unknown}
 l - a potion of lignification {unknown}
 q - 2 potions of heal wounds {unknown}
 r - a potion of beneficial mutation {unknown}
 t - a potion of brilliance {unknown}
 w - 2 potions of curing {unknown}
Books
 b - a book of Minor Magic

   Spells                             Type                      Level
   a - Magic Dart                     Conjuration                  1
   b - Blink                          Translocation                2
   c - Call Imp                       Summoning                    2
   d - Repel Missiles                 Charms/Air                   2
   e - Slow                           Hexes                        2
   f - Conjure Flame                  Conjuration/Fire             3
   g - Mephitic Cloud                 Conjuration/Poison/Air       3
 s - a book of Alchemy

   Spells                             Type                      Level
   a - Sublimation of Blood           Necromancy                   2
   b - Ignite Poison                  Fire/Transmutation/Poison    3
   c - Petrify                        Transmutation/Earth          4
   d - Alistair's Intoxication        Transmutation/Poison         5
   e - Irradiate                      Conjuration/Transmutation    5
Comestibles
 c - 3 bread rations
 m - a royal jelly
 x - a meat ration


   Skills:
 - Level 2.0 Dodging
 - Level 2.6 Stealth
 + Level 4.3 Spellcasting
 + Level 4.4 Conjurations
   Level 1.0 Summonings
 - Level 1.0 Translocations


You had 4 spell levels left.
You knew the following spells:

 Your Spells              Type           Power        Failure   Level  Hunger
a - Magic Dart            Conj           ###.         1%          1    None
b - Blink                 Tloc           N/A          12%         2    #......
c - Mephitic Cloud        Conj/Pois/Air  ##......     21%         3    ##.....
d - Repel Missiles        Chrm/Air       #.....       17%         2    #......


Dungeon Overview and Level Annotations

Branches:
Dungeon (4/15)             Temple (1/1) D:4

Altars:
Elyvilon
Fedhas
Gozag
Kikubaaqudgha
Nemelex Xobeh
Okawaru
Qazlal
Ru
Sif Muna
Trog


Innate Abilities, Weirdness & Mutations

You cannot wear most types of armour.
You are amphibious.
You can wear up to eight rings at the same time.
You can use your tentacles to constrict eight enemies at once.
Your skin changes colour to match your surroundings (Stealth).
Your rubbery body absorbs attacks (AC +1).


Message History

Confirm with . or Enter, or press ? or * to list all spells.
Aiming: Magic Dart
Press: ? - help, Shift-Dir - straight line, f - gnoll
Aim: a gnoll, wielding a flail You miscast Magic Dart.
You are very lightly contaminated with residual magic.
Your skin glows momentarily.
Casting: Magic Dart
Confirm with . or Enter, or press ? or * to list all spells.
Aiming: Magic Dart
Press: ? - help, Shift-Dir - straight line, f/p - gnoll
Aim: a gnoll, wielding a flail The magic dart hits the gnoll.
The gnoll is lightly wounded.
Casting: Magic Dart
Confirm with . or Enter, or press ? or * to list all spells.
You miscast Blink.
The world appears momentarily distorted!
The gnoll hits you with a flail!
You die...

#.....[.....(.......#..##..
#.......................#..
#....)...#...........)#....
#......)[........####.###..
#...............## #.....#
#######...).....##....## ##..###
..............>........## #...###
#'''#####.####..g.......###......
.....## #.###...@...........#..##
⌠.#.⌠.###.##.....................
.#.#.#.##..................####.#
#.⌠.#..##.####...............##.#
.#.#.#.##.# ##...........#..##..
⌠.#.⌠.###.# ####...............
.#.#.#.##.# ###....#.###.....
#.⌠.#.⌠.### #......>.........
.#.#.#.## #...#.####.......


You could see a gnoll.

Vanquished Creatures
  A vampire bat (D:3)
  7 adders
  A gnoll (Temple)
  4 worms
  2 dart slugs
  3 giant geckos
  6 orcs (D:3)
  2 bat skeletons (D:3)
  5 bat zombies (D:3)
  3 giant cockroaches
  A goblin (D:1)
  8 hobgoblins
  8 jackals
  9 kobolds
  A quokka (D:3)
  9 bats
  4 giant newts
  10 rats
84 creatures vanquished.

Notes
Turn   | Place    | Note
--------------------------------------------------------------
     0 | D:1      | Joat the Octopode Wizard began the quest for the Orb.
     0 | D:1      | Reached XP level 1. HP: 11/11 MP: 4/4
   345 | D:1      | Reached XP level 2. HP: 17/17 MP: 0/6
   353 | D:1      | Learned a level 2 spell: Blink
   356 | D:1      | Learned a level 2 spell: Repel Missiles
   793 | D:1      | Reached XP level 3. HP: 19/21 MP: 1/7
  1367 | D:2      | Learned a level 3 spell: Mephitic Cloud
  1887 | D:2      | Reached XP level 4. HP: 26/27 MP: 3/9
  2368 | D:2      | Found an opulent altar of Gozag.
  2891 | D:3      | Reached XP level 5. HP: 31/31 MP: 6/10
  3716 | D:3      | Found an ancient bone altar of Kikubaaqudgha.
  3803 | D:4      | Found a staircase to the Ecumenical Temple.
  3809 | Temple   | Entered the Ecumenical Temple
  3932 | Temple   | Became a worshipper of Sif Muna the Loreminder
  4044 | D:3      | Slain by a gnoll

Skill      XL: |  1  2  3  4  5 |
---------------+----------------+-----
Conjurations   | 2 3 4 |  4.4
Spellcasting   | 4 |  4.3
Dodging        | |  2.0
Stealth        | |  2.6
Summonings     | |  1.0
Translocations | |  1.0

Action                   |  1- 3 |  4- 6 || total
-------------------------+-------+-------++-------
Melee: Whip              |    11 |       ||    11
       Constrict         |     3 |     1 ||     4
       Tentacles         |     4 |     1 ||     5
       Dagger            |     2 |     2 ||     4
       Trident           |       |     2 ||     2
 Cast: Magic Dart        |    68 |   131 ||   199
       Repel Missiles    |     1 |       ||     1
       Blink             |       |     1 ||     1
 Stab: Sleeping          |       |     2 ||     2
  Eat: Chunk             |     2 |     7 ||     9
Armor: Skin              |     5 |     3 ||     8
Dodge: Dodged            |    14 |    30 ||    44
       Deflected         |       |     2 ||     2
